 Dungeon Crawl Stone Soup version 0.26.0-10-g1f06aea511 (webtiles) character file.

Game seed: 18422376147107171979

422 Borgoz the Skirmisher (level 6, -1/52 HPs)
             Began as a Ghoul Gladiator on Jan 15, 2021.
             Slain by a phantom (5 damage)
             ... on level 4 of the Dungeon.
             The game lasted 00:07:07 (3881 turns).

Borgoz the Skirmisher (Ghoul Gladiator)             Turns: 3881, Time: 00:07:07

Health: -1/52      AC:  4    Str: 18    XL:     6   Next: 95%
Magic:  5/5        EV: 13    Int:  3    God:
Gold:   230        SH:  0    Dex: 12    Spells: 5/5 levels left

rFire    . . .     SeeInvis .   a - +0 long sword
rCold    + . .     Faith    .   (no shield)
rNeg     + + +     Spirit   .   b - +0 leather armour
rPois    ∞         Reflect  .   c - +0 helmet
rElec    .         Harm     .   (no cloak)
rCorr    .         Rampage  .   (no gloves)
Will     .....                  (no boots)
Stlth    +.........             j - amulet of the acrobat
HPRegen  0.00/turn              (no ring)
MPRegen  0.09/turn              (no ring)

@: no status effects
A: claws 1, cold resistance 1, negative energy resistance 3, inhibited
regeneration, torment resistance, unbreathing
a: no special abilities


You were on level 4 of the Dungeon.
You visited 1 branch of the dungeon, and saw 4 of its levels.

You collected 230 gold pieces.

Inventory:

Hand Weapons
 a - a +0 long sword (weapon)
Missiles
 d - 3 throwing nets (quivered)
Armour
 b - a +0 leather armour (worn)
 c - a +0 helmet (worn)
Jewellery
 j - an amulet of the acrobat (around neck)
 s - an uncursed ring of positive energy {unknown}
 t - an uncursed amulet of guardian spirit {unknown}
Scrolls
 f - 4 scrolls of noise {unknown}
 h - a scroll of immolation {unknown}
 k - 7 scrolls of identify {unknown}
 l - 4 scrolls of teleportation {unknown}
 n - 4 scrolls of remove curse {unknown}
 r - a scroll of fear {unknown}
 u - a scroll of enchant armour {unknown}
Potions
 e - a potion of brilliance {unknown}
 g - 2 potions of heal wounds {unknown}
 i - 2 potions of mutation {unknown}
 m - a potion of resistance {unknown}
 o - a potion of curing {unknown}
 p - a potion of lignification {unknown}
 q - a potion of haste {unknown}


   Skills:
 + Level 4.3 Fighting
 + Level 4.1 Long Blades
 + Level 3.5 Throwing
 + Level 4.1 Dodging


You had 5 spell levels left.
You didn't know any spells.
Your spell library was empty.

Dungeon Overview and Level Annotations

Branches:
Dungeon (4/15)
 Temple: D:4-7

Altars:
Elyvilon
Hepliaklqana
Sif Muna


Innate Abilities, Weirdness & Mutations

You thrive by killing the living.
You are immune to poison.
You have sharp fingernails.
Your flesh is cold resistant. (rC+)
You are immune to negative energy. (rN+++)
You do not regenerate when monsters are visible.
You are immune to unholy pain and torment.
You can survive without breathing.


Message History

The adder bites you.
* * * LOW HITPOINT WARNING * * *
The phantom hits you!
* * * LOW HITPOINT WARNING * * *
You miss the adder.
The adder is severely wounded.
The adder bites you but does no damage.
The phantom hits you but does no damage.
The adder barely misses you.
You riposte.
You closely miss the adder.
The adder is severely wounded.
You hit the adder.
You kill the adder!
The phantom blinks!
The phantom blinks!
You see here a scorpion corpse.
The phantom completely misses you.
You barely miss the phantom.
The phantom is lightly damaged.
The phantom hits you.
You die...

. #.......# ..####.......#
#...#........##
##...........##
##.............##
#...............##
#................# ##
#........†...[...## ##.
#........@...†...†## ###..
###......W.........###..##
###..............#..###
###...............#
####....##......#
######.......# #.........#
..........# ..###.....##


You could see a phantom.

Vanquished Creatures
  A bullfrog (D:2)
  A scorpion (D:4)
  3 orc wizards
  A worker ant (D:4)
  An iguana (D:4)
  7 adders
  An ooze (D:4)
  An adder skeleton (D:4)
  A worm (D:2)
  3 dart slugs
  5 leopard geckos
  10 orcs
  5 giant cockroaches
  5 goblins
  10 hobgoblins
  2 jackals (D:1)
  11 kobolds
  7 bats
  4 frilled lizards
  7 rats
86 creatures vanquished.

Notes
Turn   | Place    | Note
-------+----------+-------------------------------------------
     0 | D:1      | Borgoz the Ghoul Gladiator began the quest for the Orb.
     0 | D:1      | Reached XP level 1. HP: 17/17 MP: 0/0
   365 | D:1      | Reached XP level 2. HP: 18/25 MP: 1/1
   957 | D:1      | Reached XP level 3. HP: 27/30 MP: 2/2
  1412 | D:2      | Found a white marble altar of Elyvilon.
  1419 | D:2      | Noticed a bullfrog
  1432 | D:2      | Killed a bullfrog
  1433 | D:2      | Reached XP level 4. HP: 26/38 MP: 3/3
  1562 | D:2      | Reached XP level 5. HP: 45/45 MP: 4/4
  2668 | D:3      | Found a shimmering blue altar of Sif Muna.
  2901 | D:3      | Reached XP level 6. HP: 46/52 MP: 5/5
  3271 | D:4      | Found a hazy altar of Hepliaklqana.
  3853 | D:4      | Noticed a phantom
  3881 | D:4      | Slain by a phantom

Illustrated notes

Levels and vault maps discovered:
D:1:      scummos_arrival_simple_crosswalls, layout_loops_ring,
          wad_floor_pattern_2, amcnicky_mini_pool_small
D:2:      layout_rooms, elyvilon_altar_3
D:3:      layout_basic, amcnicky_altar_gilded
D:4:      layout_cave_pods, eino_tiny_chamber, kennysheep_small_circle

Skill      XL: |  1  2  3  4  5  6 |
---------------+-------------------+-----
Throwing       | 2 3 |  3.5
Long Blades    | 3 4 |  4.1
Dodging        | 3 4 |  4.1
Fighting       | 3 4 |  4.3

Action                   |  1- 3 |  4- 6 || total
-------------------------+-------+-------++-------
Melee: Long sword        |    96 |   173 ||   269
Armor: Leather armour    |    27 |    38 ||    65
Dodge: Dodged            |    78 |   140 ||   218
       Rpst.: Long sword |    21 |    55 ||    76
